[Event "*** Titled Tuesday Blitz"]
[Site "Chess.com"]
[Date "2018.04.03"]
[Round "3"]
[White "Sanan_Sjugirov"]
[Black "LastHeroJr"]
[Result "1-0"]
[WhiteElo "2849"]
[BlackElo "2427"]
[TimeControl "180+2"]
[EndTime "13:39:36 PDT"]
[Termination "Sanan_Sjugirov won by resignation"]

1. e4 e5 2. Nf3 Nc6 3. Bb5 a6 4. Ba4 Nf6 5. O-O Be7 6. d3 b5 7. Bb3 d6 8. a4 b4 9. a5 O-O 10. h3 Be6 11. Nbd2 Nd7 12. Bc4 Kh8 13. Re1 Qc8 14. b3 Qb7 15. Bb2 Rad8 16. d4 exd4 17. Nxd4 Nxd4 18. Bxd4 Bf6 19. Bxf6 Nxf6 20. Qe2 Bxc4 21.
Qxc4 d5 22. exd5 Rxd5 23. Nf3 c6 24. Re3 Qb5 25. Qxb5 Rxb5 26. Re7 Ra8 27. Rxf7 Rc5 28. Ne1 Nd5 29. Rb7 Kg8 30. Ra2 h6 31. Nd3 Rb5 32.
Rxb5 cxb5 33. Nc5 Kf7 34. Ra1 Ke7 35. Rd1 Kd6 36. Nd3 Ke6 37. Re1+ Kd6 38. Rd1 Ke6 39. f4 Rc8 40. Rd2 Kf5 41. g4+ Kf6 42. f5 h5 43.
Kf2 hxg4 44. hxg4 Nc3 45. Kf3 Na2 46. Nf4 Rc3+ 47. Ke4 Rc6 48. Rd7 Nc3+ 49. Kf3 Na2 50. Nd5+ Ke5 51. Ne3 g6 52. Re7+ Kd4 53. Re4+ Kc3 54.
Rf4 g5 55. Re4 Nc1 56. Nd5+ Kb2 57. Nxb4 Rc8 58. f6 Kc3 59. Nd5+ Kxc2 60. b4 Nb3 61. Re7 Nd2+ 62. Kg2 Nc4 63. Re6 Rf8 64. Rxa6 Kd3 65.
Re6 Kd4 66. Ne7 Ne5 67. Nf5+ Kd5 68. Rd6+ Kc4 69. Ne3+ Kxb4 70. a6 Nc4 71. Nxc4 bxc4 72.
a7 c3 73. Rc6 Kb3 74. Kf3 c2 75. Ke4 Rxf6 76. a8=Q 1-0

[Event "*** Titled Tuesday Blitz"]
[Site "Chess.com"]
[Date "2018.04.03"]
[Round "3"]
[White "RojonR"]
[Black "BartoszSocko"]
[Result "1/2-1/2"]
[WhiteElo "2392"]
[BlackElo "2577"]
[TimeControl "180+2"]
[EndTime "13:39:42 PDT"]
[Termination "Game drawn by agreement"]

1. e4 e6 2. d4 d5 3. Nd2 c5 4. exd5 exd5 5. Ngf3 Nf6 6. Bb5+ Bd7 7. Bxd7+ Nbxd7 8. O-O Be7 9. dxc5 Nxc5 10. Nb3 Nce4 11. c3 O-O 12. Nbd4 Qd7 13. h3 Rfe8 14. Be3 Bd6 15. Qd3 a6 16. Rad1 Rad8 17. Rfe1 Bc7 18. Nb3 Qd6 19. Qd4 h6 20. Nc5 Qc6 21. Nd3 Bb8 22.
a4 Nd6 23. Nb4 Qxa4 24. Nxd5 Qxd4 25. Rxd4 Nxd5 26. Rxd5 Nc4 27. Rxd8 Rxd8 28. Bc1 Kf8 29. Kf1 b5 30. Nd4 Bd6 31. Nf5 Bc5 32. Ng3 a5 33. Ne4 Be7 34. Ke2 a4 35. Rd1 Re8 36. Kd3 f5 37. Nd2 Rd8+ 38. Kc2 Ne5 39. f4 Nc6 40. Nf3 Rxd1 41. Kxd1 Bf6 42. Kc2 Na5 43.
Be3 Nb3 44. g4 g6 45. gxf5 gxf5 46. Nd2 Na5 47. Bc5+ Kf7 48. Nf3 Ke6 49. Bd4 Be7 50. Bf2 Bf6 51. Bd4 Bd8 52. Bg7 Nc6 53. Bxh6 Kd5 54.
Bg5 Bc7 55. h4 Ke4 56. Nd2+ Ke3 57. h5 Bxf4 58. Nf1+ Kf3 59. Bxf4 Kxf4 60. h6 Ne5 61. h7 Nf7 62. Nd2 Ke3 63. c4 bxc4 64. Nxc4+ Kf4 65. Nd6 Nh8 66. Kc3 Ke5 67. Nc4+ Kf6 68. Kb4 Kg6 69. Kxa4 Kxh7 70. b4 Nf7 71. b5 f4 72. b6 Nd8 73.
Kb5 f3 74. Kc5 f2 75. Ne3 Kg6 76. Kd6 Nb7+ 77. Kc7 Na5 78. b7 Nxb7 79. Kxb7 Kg5 80. Kc6 Kf4 81. Nf1 Kf3 82. Kd5 1/2-1/2

[Event "*** Titled Tuesday Blitz"]
[Site "Chess.com"]
[Date "2018.04.03"]
[Round "3"]
[White "Al_Shima"]
[Black "Bad4life"]
[Result "1-0"]
[WhiteElo "2276"]
[BlackElo "2387"]
[TimeControl "180+2"]
[EndTime "13:39:51 PDT"]
[Termination "Al_Shima won by resignation"]

1. b3 c5 2. Bb2 d5 3. e3 a6 4. f4 Nc6 5. Nf3 Nf6 6. g3 Bg4 7. h3 Bf5 8. g4 Be4 9. d3 Qa5+ 10.
Nbd2 Bxf3 11. Qxf3 e6 12. Bg2 O-O-O 13. a3 Rd7 14.
Qe2 h5 15. g5 Ne8 16. O-O h4 17. Nf3 Nd6 18. e4 d4 19. Ne5 Nxe5 20. fxe5 Ne8 21.
g6 fxg6 22. Qg4 Nc7 23. Qxg6 Qd2 24. Rf2 Qe3 25. Rf1 Be7 26. Bc1 Qg3 27. Qxg3 hxg3 28. Rf7 Ne8 29. Bf4 Bh4 30. Bd2 Be7 31. R1f3 Bh4 32.
Rxd7 Kxd7 33. Rf7+ Kc6 34. Bf3 Nc7 35. Rxg7 Rf8 36.
Kg2 b5 37. Rg4 Rh8 38. Rg7 Ne8 39. Rf7 Kb6 40. Bg4 Nc7 41. a4 Rb8 42. a5+ Kc6 43. Rh7 Rf8 44. Bf3 Bd8 45. Kxg3 b4 46. Kg2 Ne8 47. Bg4 Bxa5 48. Bxe6 Nc7 49. Bd7+ Kb7 50. Bf5 Rg8+ 51. Bg4 Kc6 52. Rh6+ Kb7 53. Rh7 Kc6 54. Bf4 c4 55. dxc4 Rf8 56. Kg3 Bb6 57. Be2 a5 58. Rh6+ Kc5 59. e6 Ne8 60. e7 Rg8+ 61.
Bg4 a4 62. bxa4 b3 63. cxb3 d3 64. Kf3 Ba5 65. Be3+ Kb4 66. Bd2+ Kxb3 67. Bxa5 Rg7 68. Bd2 Rf7+ 69. Ke3 Rxe7 70. Re6 Rxe6 71. Bxe6 Kc2 72.
c5 Nc7 73. Ba5 Nxe6 74. c6 Nc7 75. h4 Na6 76. h5 Nc5 77. c7 d2 78. Bxd2 Kd1 79.
c8=Q Nb3 80. Qc1+ Nxc1 81. Bxc1 1-0

[Event "*** Titled Tuesday Blitz"]
[Site "Chess.com"]
[Date "2018.04.03"]
[Round "3"]
[White "oskariot"]
[Black "spidernv"]
[Result "1-0"]
[WhiteElo "2420"]
[BlackElo "2342"]
[TimeControl "180+2"]
[EndTime "13:39:52 PDT"]
[Termination "oskariot won by resignation"]

1. c4 Nf6 2. g3 c6 3. Bg2 d5 4. cxd5 cxd5 5. Nf3 Nc6 6. O-O Bf5 7. Qb3 Qb6 8. Qxb6 axb6 9. d3 e6 10. Nh4 Bg6 11. Nc3 Be7 12. Nf3 O-O 13. Be3 Bc5 14. d4 Be7 15. Rac1 Rfc8 16. Bf4 Ne4 17. a3 Bf6 18. e3 Bh5 19. Rc2 Bg6 20. Rcc1 Bh5 21. Nxe4 dxe4 22. Nd2 e5 23. dxe5 Nxe5 24. Nxe4 Nf3+ 25.
Bxf3 Bxf3 26. Nxf6+ gxf6 27. Bc7 b5 28. Bd6 Rc6 29. Bb4 Rac8 30. Bc3 f5 31. h3 Rd8 32.
Kh2 h5 33. g4 hxg4 34. hxg4 fxg4 35. Kg3 f6 36. Kf4 Kf7 37. Bd4 Ke6 38. Bc3 Rc4+ 39.
Bd4 Rd7 40. b3 Rc6 41. Kg3 Rdc7 42. Bb2 Rc2 43. Rxc2 Rxc2 44. Bd4 f5 45. Kf4 Be4 46. b4 Bf3 47. Kg3 Kd5 48. Ra1 Ke4 49. a4 bxa4 50.
Rxa4 Kd3 51. b5 Ke2 52. Ra1 Rc7 53. Ra2+ Kd3 54. Ra3+ Ke4 55. Ra4 Bd1 56. Rb4 Rh7 57. Bf6+ Kd5 58. Kf4 Ke6 59. Bd4 Rh3 60. e4 fxe4 61.
Be3 Rf3+ 62. Kxe4 Bc2+ 63. Kd4 g3 64. fxg3 Rxg3 65. Rb2 Rg4+ 66. Kc5 Be4 67. Rd2 Rg3 68. Rd6+ Kf5 69. Bd4 Rg2 70. Rf6+ Kg4 71. Be5 Rc2+ 72. Kd6 Bd3 73. Rf4+ Kg5 74. Rb4 Kf5 75. Rf4+ Kg5 76.
Rb4 Kf5 77. Rf4+ Kg5 78. Rb4 Kf5 79. b6 Be4 80. Bg3 Rc6+ 81. Kd7 Rg6 82. Bc7 Bc6+ 83.
Ke7 Rg7+ 84. Kf8 Rh7 85. Rc4 Bd5 86. Rf4+ Ke6 87. Rf2 Be4 88. Re2 Kd5 89. Ke8 Bg6+ 90. Kd8 Kc6 91. Re6+ Kd5 92. Rxg6 Rh8+ 93. Kd7 Rh7+ 94.
Kc8 1-0

[Event "*** Titled Tuesday Blitz"]
[Site "Chess.com"]
[Date "2018.04.03"]
[Round "3"]
[White "Marcus_Harvey"]
[Black "Fandorine"]
[Result "0-1"]
[WhiteElo "2632"]
[BlackElo "2726"]
[TimeControl "180+2"]
[EndTime "13:40:03 PDT"]
[Termination "Fandorine won by checkmate"]

1. Nf3 Nf6 2. b3 g6 3. Bb2 Bg7 4. e3 O-O 5. Be2 d6 6. d4 Nbd7 7. O-O e5 8. dxe5 Ng4 9. c4 dxe5 10. Qc2 c6 11. h3 Nh6 12. Rd1 Re8 13. Nbd2 f5 14.
c5 e4 15. Bc4+ Kh8 16. Bxg7+ Kxg7 17. Nh2 Qf6 18. b4 a5 19. Qb3 axb4 20. Qxb4 Ne5 21. Nb3 Nxc4 22. Qxc4 Nf7 23. Nd4 Ne5 24. Qc3 Nd3 25. a4 Kh8 26. a5 Be6 27. Rdb1 Re7 28.
Rb6 Bd5 29. a6 bxa6 30. Rbxa6 Rxa6 31. Rxa6 Re8 32. Ra7 Kg8 33. g3 h5 34. h4 Rb8 35.
Nf1 Ne5 36. Qa1 Nf3+ 37. Kg2 Nxd4 38. exd4 e3+ 39. f3 e2 40. Ne3 Qe6 41. Kf2 Re8 42. Ra3 f4 43. gxf4 Qh3 44. Kxe2 Qxf3+ 45. Kd2 Qf2+ 46.
Kc1 Rxe3 47. Rxe3 Qxe3+ 48. Kc2 Qe2+ 49. Kc3 Qe3+ 50. Kb4 Qd2+ 51. Ka4 Qxf4 52. Ka5 Qb8 53. Qf1 Qa7+ 54. Kb4 Qb7+ 55. Ka5 Kg7 56. Qe2 Qa7+ 57. Kb4 Qb7+ 58. Ka5 Kh7 59. Qf1 Qa7+ 60. Kb4 Qb8+ 61. Ka5 Kg7 62. Qe2 Qd8+ 63. Kb4 Qxh4 64. Qe5+ Qf6 65.
Qc7+ Kh6 66. Ka5 h4 67. Kb6 h3 68. Qg3 Qf5 69. Qh4+ Qh5 70. Qf4+ Qg5 71. Qf8+ Kh5 72. Qc8 Kh4 73. Qh8+ Kg3 74. Qb8+ Qf4 75. Qa7 h2 76. Qa3+ Qf3 77. Qc1 h1=Q 78. Qg5+ Kf2 79. Qd2+ Qe2 80. Qf4+ Qhf3 81. Qh4+ Ke3 82. Qh6+ Kxd4 83. Qh8+ Qe5 84. Qh4+ Qef4 85. Qh8+ Qf6 86. Qh2 Qb3+ 87. Kc7 Qe7+ 88. Kc8 Be6# 0-1

[Event "*** Titled Tuesday Blitz"]
[Site "Chess.com"]
[Date "2018.04.03"]
[Round "3"]
[White "ajkom197"]
[Black "Slovak_fighter2000"]
[Result "0-1"]
[WhiteElo "2415"]
[BlackElo "2349"]
[TimeControl "180+2"]
[EndTime "13:40:09 PDT"]
[Termination "Slovak_fighter2000 won by checkmate"]

1. d4 Nf6 2. Bf4 d5 3. e3 c5 4. Nf3 Nc6 5. Nbd2 cxd4 6. exd4 e6 7. c3 Nh5 8. Bg5 f6 9. Be3 Bd6 10. g3 O-O 11. Bd3 g6 12. c4 Nb4 13. Bb1 dxc4 14.
Nxc4 Nd5 15. O-O b5 16. Nxd6 Qxd6 17. Qd3 a6 18. Nh4 Ne7 19. Ng2 Bb7 20. a4 Qd5 21. f3 bxa4 22. Ba2 Qd7 23. Qc4 Bd5 24. Qd3 Qb5 25.
Qd2 Ng7 26. Bb1 Ngf5 27. Bd3 Qd7 28. Nf4 Nxe3 29. Qxe3 Bb3 30. Rfc1 Rad8 31. Bxa6 Qxd4 32.
Qxd4 Rxd4 33. Rc7 Nd5 34. Nxd5 Bxd5 35. Rac1 Rf7 36. Rxf7 Kxf7 37. Rc7+ Kg8 38. Bb7 Rd1+ 39. Kg2 Rd2+ 40. Kh3 Rxb2 41. Bxd5 exd5 42. Rc5 Rd2 43. Ra5 Rd4 44. Ra7 Rc4 45. f4 f5 46. Kg2 d4 47.
Kf3 Rc3+ 48. Ke2 a3 49. Kd2 Rb3 50. Ra4 Rb2+ 51. Kd3 a2 52. Kxd4 Rxh2 53. Ke3 Rg2 54. Kf3 Rb2 55. g4 fxg4+ 56. Kxg4 Kg7 57. Kg5 Rg2+ 58.
Kh4 h5 59. Ra6 Rg4+ 60. Kh3 Rxf4 61. Rxa2 Kh6 62. Ra5 Rb4 63. Rd5 Rb3+ 64. Kh2 h4 65. Re5 g5 66. Rc5 Kh5 67. Rc4 Rf3 68. Rd4 Rf4 69.
Rd8 Kg4 70. Rd2 Ra4 71. Rb2 h3 72. Rc2 Kh4 73. Rb2 g4 74. Rb1 Ra2+ 75. Kh1 Rf2 76. Rc1 Kg3 77. Rc3+ Rf3 78. Rc1 Re3 79. Rg1+ Kh4 80.
Rb1 Rc3 81. Ra1 Kg3 82. Rg1+ Kf4 83. Rf1+ Rf3 84. Rb1 Re3 85. Ra1 g3 86. Kg1 Re2 87.
Kh1 Kf3 88. Rg1 Rh2# 0-1

[Event "*** Titled Tuesday Blitz"]
[Site "Chess.com"]
[Date "2018.04.03"]
[Round "3"]
[White "ahmadzada13"]
[Black "Hrant_ChessMood"]
[Result "0-1"]
[WhiteElo "2599"]
[BlackElo "2934"]
[TimeControl "180+2"]
[EndTime "13:40:12 PDT"]
[Termination "Hrant_ChessMood won by resignation"]

1. e4 Nf6 2. e5 Nd5 3. d4 d6 4. Nf3 Nc6 5. exd6 exd6 6. Be2 Be7 7. O-O O-O 8. Re1 Bg4 9. c3 Qd7 10. Nbd2 Rae8 11. Nf1 Bd8 12. Ne3 Nxe3 13. Bxe3 Ne7 14. Nd2 Bxe2 15. Qxe2 c6 16. Qf3 d5 17. Bf4 Ng6 18. Nf1 Re6 19. Ng3 Nxf4 20. Qxf4 Rfe8 21. Rxe6 Qxe6 22. Qd2 g6 23. Kf1 Qd7 24. Re1 Rxe1+ 25.
Qxe1 Bc7 26. Qe3 Bd6 27. f4 Qg4 28. Ne2 Qf5 29. Kf2 h5 30. Qh3 Qxh3 31. gxh3 Kg7 32.
Kf3 Kf6 33. Ng3 Bc7 34. Ne2 Kf5 35. Ng3+ Ke6 36. Ne2 b5 37. b4 a5 38. a3 Bd8 39.
Ng3 a4 40. Ne2 Bh4 41. Ng3 Kf6 42. Ke2 Ke6 43. Kf3 Be7 44. Ne2 Bf8 45. Ng3 Bh6 46. Ne2 Kf6 47. Ng3 h4 48. Nf1 Ke6 49. Ne3 f5 50. Ng2 g5 51. fxg5 Bxg5 52. Nf4+ Kf6 53. Nh5+ Kg6 54. Nf4+ Kh6 55. Ke3 Kg7 56. Kf3 Kf7 57.
Ke3 Bh6 58. Kf3 Ke7 59. Ke3 Kf6 60. Kf3 Bf8 61. Ke3 Bd6 62. Kf3 Bc7 63. Ke3 Bd6 64. Kf3 Bb8 65. Ke3 Kg5 66. Ne6+ Kh6 67. Nd8 Kg5 68.
Nxc6 Bf4+ 69. Kf3 Bc1 70. Na7 Bxa3 71. Nxb5 Bb2 72. Ke3 a3 73. Nxa3 Bxa3 74. Kf3 f4 75. b5 Kf5 76. b6 Bd6 77. Ke2 Ke4 78. b7 Bb8 79. Kf2 f3 80. Kf1 Ke3 81. Ke1 f2+ 82. Kf1 Kf3 83. c4 dxc4 84. d5 c3 0-1

[Event "*** Titled Tuesday Blitz"]
[Site "Chess.com"]
[Date "2018.04.03"]
[Round "3"]
[White "1977Ivan"]
[Black "BilodeauA"]
[Result "0-1"]
[WhiteElo "2404"]
[BlackElo "2646"]
[TimeControl "180+2"]
[EndTime "13:40:30 PDT"]
[Termination "BilodeauA won by resignation"]

1. d4 d5 2. Nf3 Nf6 3. e3 c5 4. Nbd2 Nc6 5. dxc5 e6 6. a3 a5 7. b3 Bxc5 8. Bb2 O-O 9. Bd3 Qe7 10. O-O e5 11. e4 d4 12. Nc4 Bg4 13. h3 Bh5 14.
Re1 Rad8 15. Bc1 Ne8 16. g4 Bg6 17. Bd2 b6 18. Qe2 Nd6 19. Ncxe5 Nxe5 20. Nxe5 Qxe5 21.
f4 Qxe4 22. f5 Qxe2 23. Rxe2 Nxf5 24. gxf5 Bh5 25. Rg2 f6 26. b4 Bd6 27. Rf1 axb4 28.
axb4 Rfe8 29. Kf2 Re7 30. Rfg1 Kh8 31. Ra1 Bf7 32. Ra6 Bc7 33. Rg1 Bd5 34. Rga1 h5 35.
Ra7 Kh7 36. Bf4 Bd6 37. Bxd6 Rxa7 38. Rxa7 Rxd6 39. h4 Rc6 40. Rd7 Bc4 41. Be4 Rc8 42.
Rxd4 b5 43. Ke3 Kh6 44. Kf4 Re8 45. Rd7 Re5 46. Rd8 Kh7 47. Bd3 Bxd3 48. cxd3 Re1 49. d4 Rg1 50. d5 Rg4+ 51. Ke3 Rxb4 52. d6 Rb1 53. Kd4 b4 54. Rb8 b3 55. Kc3 Rc1+ 56. Kb2 Rd1 57. Rb6 Rd3 58. Ka3 Kh6 59. Ka4 b2 60.
Rxb2 Rxd6 61. Rb4 Rd5 62. Rf4 Rd2 63. Kb3 Rg2 64. Rc4 Rg4 65. Rc8 Rxh4 66. Kc3 Rf4 67. Kd3 Rxf5 68. Ke4 Re5+ 69. Kf4 g5+ 70. Kf3 Kg6 71.
Rh8 Ra5 72. Ke4 Ra4+ 73. Kf3 h4 74. Rc8 g4+ 75. Kf2 Kg5 76. Rc7 h3 77. Kg3 Ra3+ 78. Kh2 Ra2+ 79. Kh1 g3 80. Rc1 f5 81. Rd1 Rf2 82.
Rc1 Rf1+ 83. Rxf1 g2+ 84. Kg1 gxf1=Q+ 85. Kxf1 Kg4 86. Kg1 Kg3 87. Kh1 f4 88. Kg1 f3 89.
Kh1 Kf2 90. Kh2 Ke2 0-1

[Event "*** Titled Tuesday Blitz"]
[Site "Chess.com"]
[Date "2018.04.03"]
[Round "3"]
[White "anon102030"]
[Black "amatatanav"]
[Result "1-0"]
[WhiteElo "2724"]
[BlackElo "2423"]
[TimeControl "180+2"]
[EndTime "13:40:58 PDT"]
[Termination "anon102030 won on time"]

1. e4 c5 2. Nc3 Nc6 3. g3 g6 4. Bg2 Bg7 5. d3 d6 6. Be3 Nf6 7. h3 O-O 8. f4 Nd4 9. Nf3 Nd7 10.
O-O Rb8 11. Qd2 b5 12. a3 Nxf3+ 13. Bxf3 Nb6 14. Nxb5 Bxh3 15. Rfe1 Bxb2 16. Rab1 Na4 17. c4 a6 18. Rxb2 Nxb2 19. Nc3 Qa5 20. Rb1 Qxa3 21. f5 Rb3 22. Nd5 Nxc4 23. Rxb3 Nxd2 24. Rxa3 Nxf3+ 25. Kf2 Ne5 26. Nxe7+ Kg7 27. Bf4 gxf5 28. exf5 Kf6 29. Nd5+ Kxf5 30. Ke3 Ng4+ 31. Kd2 Nf6 32. Ne3+ Ke6 33. Rxa6 Rd8 34. Nc4 Ne8 35. Be3 Kd5 36.
Kc3 h5 37. Bf4 Bg4 38. Ra7 Rd7 39. Nb6+ Kc6 40. Nxd7 Bxd7 41. Ra6+ Kd5 42. Ra2 Nc7 43.
Rh2 Nb5+ 44. Kd2 Bg4 45. Ke3 Nd4 46. Ra2 Nf5+ 47. Kd2 h4 48. gxh4 Nxh4 49. Ra6 Nf5 50. Kc3 Bh5 51. Ra1 Bg6 52. Ra6 Bh5 53. Rb6 Bg6 54. Bh2 Bh5 55. Kd2 Bg4 56. Rb7 Ke6 57. Rb6 Bf3 58. Bg1 Bd5 59. Bxc5 Ke5 60. Bf2 Bf3 61. Ra6 Ke6 62. Ra7 Bd5 63. Kc3 Bf3 64.
Bg1 Bd5 65. Bh2 Bf3 66. Kb4 Be2 67. Kc3 Bf1 68. Ra8 Bg2 69. Re8+ Kd7 70. Re2 Bd5 71.
Rf2 Ke6 72. Kb4 Bc6 73. Ka5 Nd4 74. Kb6 Bf3 75. Bg1 Be2 76. Rh2 Nf3 77. Rxe2+ Kd5 78. Bf2 Ne5 79. d4 Nc4+ 80. Kc7 f5 81. Bg3 Na5 82.
Bxd6 Nb3 83. Re5+ Kxd4 84. Rxf5 Ke4 85. Rh5 Nd4 86. Re5+ Kd3 87. Kb6 Kc4 88. Bc5 Nb3 89. Re1 Nd2 90. Kc6 Nf3 91. Re4+ Kd3 92. Re3+ 1-0

[Event "*** Titled Tuesday Blitz"]
[Site "Chess.com"]
[Date "2018.04.03"]
[Round "3"]
[White "Kislov_Oleg"]
[Black "GameOverBro"]
[Result "1/2-1/2"]
[WhiteElo "2257"]
[BlackElo "2391"]
[TimeControl "180+2"]
[EndTime "13:42:40 PDT"]
[Termination "Game drawn - insufficient material"]

1. e4 c5 2. Nf3 Nc6 3. c3 d5 4. exd5 Qxd5 5. d4 Bg4 6. Be2 cxd4 7. cxd4 e6 8. Nc3 Qa5 9. O-O Nf6 10. h3 Bh5 11.
Qb3 Qb4 12. Qxb4 Nxb4 13. Bb5+ Kd8 14. Ne5 Bd6 15. Bf4 Ke7 16. Rac1 a6 17. Ba4 Rac8 18.
Bb3 Nfd5 19. Nxd5+ Nxd5 20. Bxd5 Rxc1 21. Rxc1 exd5 22. Nd3 Bg6 23. Bxd6+ Kxd6 24. Nf4 Re8 25. f3 f6 26. Kf2 Bf5 27. g4 Bd7 28. Rc5 Bc6 29.
h4 b6 30. Rc3 a5 31. Nh5 Re7 32. Re3 Rc7 33. Ng3 g6 34. g5 Rf7 35. Rb3 b5 36. Rc3 b4 37. Rc5 a4 38. Ne2 h6 39.
gxh6 Rh7 40. Nf4 Rxh6 41. Kg3 g5 42. hxg5 fxg5 43. Nh3 Rh4 44. Nxg5 Rxd4 45. Rc2 b3 46. axb3 axb3 47. Rc3 Ba4 48. Rc8 Rd2 49. Rd8+ Ke7 50. Ne4 Rxb2 51. Rxd5 Bc6 52. Rd3 Bb5 53. Re3 Kf8 54.
Nc5 Bc4 55. Rc3 Bf7 56. Kf4 Rb1 57. Na4 Ra1 58. Nb2 Ra2 59. Nd3 b2 60. Nxb2 Rxb2 61. Rc8+ Kg7 62. Rc7 Rb4+ 63. Kg3 Kf6 64. Rc6+ Ke5 65.
Rc5+ Bd5 66. Rc8 Rb3 67. Rf8 Be6 68. Re8 Kf6 69. Rf8+ Kg5 70. Re8 Kf6 71. Rf8+ Ke7 72. Rf4 Bd5 73. Rf5 Ke6 74. Rf8 Rb1 75. Kf4 Rb4+ 76.
Kg3 Ke5 77. Re8+ Be6 78. Rf8 Rb1 79. Re8 Rg1+ 80. Kf2 Rg7 81. Rf8 Rh7 82. Ke3 Bf5 83.
Re8+ Be6 84. Kf2 Rf7 85. Ke3 Kf5 86. Rb8 Bd5 87. Rb5 Ke5 88. f4+ Kd6 89. Rb6+ Kc5 90. Rb8 Re7+ 91. Kf2 Kd4 92. Rd8 Ke4 93. Kg3 Rg7+ 94.
Kf2 Be6 95. Rf8 Bf5 96. Re8+ Kxf4 97. Ke2 Ra7 98. Kd2 Ra3 99. Re7 Be4 100. Rf7+ Ke5 101. Re7+ Kd4 102. Re8 Ra2+ 103. Kc1 Bd3 104. Rd8+ Kc3 105. Rc8+ Bc4 106. Rb8 Ra1+ 107. Rb1 Ra6 108. Rb8 Rh6 109. Rd8 Rh1+ 110. Rd1 Rh2 111. Rd8 Rg2 112. Rd7 Rc2+ 113. Kd1 Rf2 114. Kc1 Ra2 115. Rb7 Rc2+ 116. Kd1 Rf2 117. Re7 Ra2 118. Ke1 Bd5 119. Re8 Kd3 120. Rd8 Ke4 121. Kd1 Bc4 122. Re8+ Kd3 123. Rd8+ Kc3 124. Ke1 Ra7 125. Kf2 Rf7+ 126. Ke3 Re7+ 127. Kf4 Bd3 128. Rd6 Re4+ 129. Kf3 Rd4 130. Rxd4 Kxd4 1/2-1/2

[Event "*** Titled Tuesday Blitz"]
[Site "Chess.com"]
[Date "2018.04.03"]
[Round "4"]
[White "HanSchut"]
[Black "yobdc"]
[Result "1/2-1/2"]
[WhiteElo "2207"]
[BlackElo "2096"]
[TimeControl "180+2"]
[EndTime "13:45:44 PDT"]
[Termination "Game drawn by agreement"]

1. e4 e5 2. Nf3 Nc6 3. Bc4 Bc5 4. b4 Bxb4 5. c3 Be7 6. d4 Na5 7. Be2 exd4 8. Qxd4 d5 9. exd5 Bf6 10. Qa4+ c6 11. dxc6 Nxc6 12. O-O Ne7 13. Rd1 Qa5 1/2-1/2

[Event "*** Titled Tuesday Blitz"]
[Site "Chess.com"]
[Date "2018.04.03"]
[Round "4"]
[White "nochewycandy"]
[Black "EmeseBalogh"]
[Result "1-0"]
[WhiteElo "2032"]
[BlackElo "1955"]
[TimeControl "180+2"]
[EndTime "13:45:54 PDT"]
[Termination "nochewycandy won by resignation"]

1. c4 d5 2. cxd5 Qxd5 3. Nc3 Qd6 4. d4 c6 5. e4 Nf6 6. e5 Qe6 7. Be2 Nd5 8. Nf3 g6 9. Ne4 Bg7 10. O-O O-O 11. Nc5 Qg4 12. Ng5 Qf5 13. g4 1-0

[Event "*** Titled Tuesday Blitz"]
[Site "Chess.com"]
[Date "2018.04.03"]
[Round "4"]
[White "XDPS"]
[Black "Cecile-Haussernot"]
[Result "1-0"]
[WhiteElo "2574"]
[BlackElo "2311"]
[TimeControl "180+2"]
[EndTime "13:46:27 PDT"]
[Termination "XDPS won by checkmate"]

1. d4 Nf6 2. Nf3 e6 3. e3 c5 4. Bd3 d5 5. O-O Nc6 6. c4 Be7 7. Nc3 O-O 8. cxd5 exd5 9. dxc5 Bxc5 10. h3 a6 11. b3 Be6 12. Bb2 h6 13. Rc1 Ba7 14.
Ne2 Rc8 15. Nf4 Qd6 16. Bb1 Nd7 17. Qd3 f5 18. Nxe6 Qxe6 19. Rfd1 Nb6 20. Nd4 Qd7 21. Nxf5 Nb4 22. Nxh6+ Kh8 23. Qh7# 1-0

[Event "*** Titled Tuesday Blitz"]
[Site "Chess.com"]
[Date "2018.04.03"]
[Round "4"]
[White "Zufi1811"]
[Black "pedromartinez91"]
[Result "1/2-1/2"]
[WhiteElo "2453"]
[BlackElo "2373"]
[TimeControl "180+2"]
[EndTime "13:46:32 PDT"]
[Termination "Game drawn by agreement"]

1. e4 e6 2. d4 d5 3. Nc3 Nf6 4.
e5 Ne4 5. Nce2 f6 6. f3 Ng5 7.
f4 Ne4 8. Nf3 c5 9. Ng3 Nc6 10.
Bd3 f5 11. c3 Be7 12. Be3 O-O 13. O-O cxd4 14. cxd4 Nb4 15. Bb1 b6 16. a3 Nc6 17.
Bd3 Na5 18. Rc1 Bb7 19. Qe2 Rc8 20. Rc2 Rxc2 21. Qxc2 Qc8 22. Rc1 Qxc2 23. Rxc2 Rc8 1/2-1/2

[Event "*** Titled Tuesday Blitz"]
[Site "Chess.com"]
[Date "2018.04.03"]
[Round "4"]
[White "Zaven_ChessMood"]
[Black "Korchmar_Vasiliy"]
[Result "1-0"]
[WhiteElo "2780"]
[BlackElo "2642"]
[TimeControl "180+2"]
[EndTime "13:47:02 PDT"]
[Termination "Zaven_ChessMood won by resignation"]

1. e4 e5 2. Nf3 Nc6 3. Bc4 Bc5 4. c3 Nf6 5. d3 d6 6. O-O a6 7.
Nbd2 h6 8. Bb3 Ba7 9. Re1 g5 10. Nc4 g4 11. Nfd2 h5 12. Nf1 h4 13. Be3 Bxe3 14.
Ncxe3 Bd7 15. d4 Qe7 16. Nd5 Nxd5 17. exd5 Na5 18. dxe5 dxe5 19. Bc2 Nc4 20. Qe2 Nxb2 21. Rab1 Na4 22. Bxa4 Bxa4 23. Rxb7 f6 24. Qxg4 h3 25. Qxa4+ 1-0

[Event "*** Titled Tuesday Blitz"]
[Site "Chess.com"]
[Date "2018.04.03"]
[Round "4"]
[White "dimke2802"]
[Black "RitvarsReimanis"]
[Result "1/2-1/2"]
[WhiteElo "2323"]
[BlackElo "2387"]
[TimeControl "180+2"]
[EndTime "13:47:04 PDT"]
[Termination "Game drawn by agreement"]

1. d4 Nf6 2. Nf3 e6 3. c4 d5 4. Nc3 Be7 5. Bg5 O-O 6. e3 Re8 7. Rc1 c6 8. Bd3 Nbd7 9. O-O h6 10. Bh4 dxc4 11. Bxc4 Nd5 12. Bxe7 Qxe7 13. Ne4 N5b6 14. Bb3 e5 15. dxe5 Nxe5 16. Nd6 Nxf3+ 17. Qxf3 Rf8 18.
Rfd1 Be6 1/2-1/2

[Event "*** Titled Tuesday Blitz"]
[Site "Chess.com"]
[Date "2018.04.03"]
[Round "4"]
[White "petrpalachev"]
[Black "simplerXiao"]
[Result "1-0"]
[WhiteElo "2589"]
[BlackElo "2460"]
[TimeControl "180+2"]
[EndTime "13:47:35 PDT"]
[Termination "petrpalachev won by resignation"]

1. d4 f5 2. g3 Nf6 3. c4 g6 4.
Bg2 Bg7 5. Nc3 O-O 6. Nf3 d6 7. O-O c6 8. b4 a5 9. b5 Qe8 10. a4 Qf7 11. Qb3 h6 12. Rd1 Ne4 13. Bb2 e5 14. dxe5 dxe5 15. Ba3 Nxc3 16. Qxc3 Re8 17. e4 fxe4 18. Nd2 e3 19. Qxe3 Bf5 20. Ne4 Bxe4 21.
Bxe4 Nd7 22. bxc6 bxc6 23. Bxc6 Rad8 24. Bd5 1-0

[Event "*** Titled Tuesday Blitz"]
[Site "Chess.com"]
[Date "2018.04.03"]
[Round "4"]
[White "ristingho"]
[Black "Entilza"]
[Result "1-0"]
[WhiteElo "2297"]
[BlackElo "2180"]
[TimeControl "180+2"]
[EndTime "13:47:38 PDT"]
[Termination "ristingho won on time"]

1. d4 Nf6 2. Bg5 e6 3. e4 h6 4.
Bxf6 Qxf6 5. c3 g6 6. Bd3 d6 7.
Ne2 Bg7 8. O-O O-O 9. Nd2 b6 10. a4 a5 11. f4 Bb7 12. Nf3 Nd7 13. Qd2 Qe7 14. Rae1 c5 15. f5 exf5 16. exf5 1-0

[Event "*** Titled Tuesday Blitz"]
[Site "Chess.com"]
[Date "2018.04.03"]
[Round "4"]
[White "ahmadzada13"]
[Black "BogdanDeac"]
[Result "1-0"]
[WhiteElo "2609"]
[BlackElo "2690"]
[TimeControl "180+2"]
[EndTime "13:47:44 PDT"]
[Termination "ahmadzada13 won by resignation"]

1. e4 b6 2. d4 Bb7 3. Bd3 g6 4. Nf3 Bg7 5. c3 e6 6. Nbd2 Ne7 7. Nf1 d6 8. Ng3 Nd7 9. Be3 c5 10. Qd2 h6 11. O-O Qc7 12. a4 a6 13. h3 Nf6 14. Rfe1 Kf8 15. b4 c4 16. Bc2 Kg8 17. Nh2 h5 18. h4 e5 19. d5 Bc8 20. Rf1 Bd7 21. f4 exf4 22. Rxf4 Nh7 23. Raf1 Rf8 24.
Qf2 Bxc3 25. Rxf7 Qc8 26. Bh6 1-0

[Event "*** Titled Tuesday Blitz"]
[Site "Chess.com"]
[Date "2018.04.03"]
[Round "4"]
[White "mokerslag"]
[Black "nOcHeaTiNgKiD"]
[Result "1-0"]
[WhiteElo "2410"]
[BlackElo "2360"]
[TimeControl "180+2"]
[EndTime "13:48:03 PDT"]
[Termination "mokerslag won by resignation"]

1. e4 e5 2. Nf3 Nc6 3. Bc4 Bc5 4.
O-O Nf6 5. d4 Bxd4 6. Nxd4 Nxd4 7. f4 d6 8. fxe5 dxe5 9. Bg5 h6 10. Bxf6 gxf6 11. c3 Nc6 12. Qh5 Qe7 13. Na3 Be6 14. Rad1 Bxc4 15. Nxc4 Qc5+ 16. Kh1 Qxc4 17. Rxf6 Rd8 18.
Rdf1 Rd6 19. Rxf7 Kd8 20. Rf8+ 1-0

[Event "*** Titled Tuesday Blitz"]
[Site "Chess.com"]
[Date "2018.04.03"]
[Round "4"]
[White "Parhamov"]
[Black "GasconJR"]
[Result "1-0"]
[WhiteElo "2815"]
[BlackElo "2337"]
[TimeControl "180+2"]
[EndTime "13:48:13 PDT"]
[Termination "Parhamov won by resignation"]

1. Nf3 Nf6 2. g3 d5 3. Bg2 e6 4.
O-O Be7 5. c4 O-O 6. d4 dxc4 7.
Qc2 a6 8. a4 Bd7 9. Bg5 Bc6 10.
Rd1 a5 11. Nbd2 Na6 12. Nxc4 Nb4 13. Qc1 Nd7 14. h4 Bxf3 15. Bxf3 c6 16. e4 h6 17.
Bxe7 Qxe7 18. e5 Kh8 19. Ra3 Rab8 20. Nxa5 f6 21. Nc4 fxe5 22. dxe5 Rf5 23. Be4 Rh5 24. Bg6 Rxe5 25. Rxd7 Qxd7 26. Nxe5 Qd4 27. Qf4 Kg8 28.
Qxd4 1-0